Construct Infanterie Kompanie
Selects Italian Coastal Battlegroup
Construct Panzergrenadier Kompanie
Nebelwerfer 42 Rocket Launcher Team
Selects Designated Artillery Overwatch
Designated Artillery Overwatch
Construct Panzer Kompanie
Designated Artillery Overwatch
Selects Artillery Officer
Designated Artillery Overwatch
Construct Luftwaffe Kompanie
Designated Artillery Overwatch
Designated Artillery Overwatch
Designated Artillery Overwatch